 Dungeon Crawl Stone Soup version 0.31-a0-1338-gb567cfdca4 (webtiles) character file.

Game seed: 6180728007954853399

2373 grandjackal the Fighter (level 9, 0/80 (100) HPs)
             Began as an Oni Gladiator on Dec 21, 2023.
             Was a Follower of Okawaru.
             Slain by a wight
             ... wielding a +3 battleaxe
              (1 damage)
             ... on level 6 of the Dungeon.
             The game lasted 00:08:52 (7878 turns).

grandjackal the Fighter (Oni Gladiator)             Turns: 7878, Time: 00:08:53

HP:   0/80 (100)    AC:  5    Str: 24    XL:     9   Next: 45%
MP:   11/11         EV: 10    Int:  9    God:    Okawaru [*.....]
Gold: 209           SH:  0    Dex: 10    Spells: 8/8 levels left

rFire   . . .        a - +0 flail
rCold   . . .        (no shield)
rNeg    . . .        I - +0 troll leather armour
rPois   +            c - +0 hat
rElec   .            t - +0 cloak
rCorr   .            (gloves unavailable)
SInv    .            (boots unavailable)
Will    .....        g - amulet of the acrobat
Stlth   +            u - ring of poison resistance
HPRegen 1.13/turn    (no ring)
MPRegen 0.12/turn

%: acrobat
@: heavily drained
A: drunken brawling, large, unfitting armour, horns 1, tough skin 1, double
potion healing
a: Renounce Religion, Heroism


You were on level 6 of the Dungeon.
You worshipped Okawaru.
Okawaru was aware of your devotion.
You visited 2 branches of the dungeon, and saw 8 of its levels.
You also visited: Ossuary.

You collected 209 gold pieces.

Inventory:

Hand Weapons
 a - a +0 flail (weapon)
Missiles
 d - 2 throwing nets
 e - 5 large rocks
 f - 4 boomerangs (quivered)
Armour
 c - a +0 hat (worn)
 t - a +0 cloak (worn)
 I - a +0 troll leather armour (worn)
Jewellery
 g - an amulet of the acrobat (around neck)
 u - a ring of poison resistance (left hand)
Wands
 n - a wand of roots (8)
 w - a wand of flame (13)
 y - a wand of mindburst (10)
 z - a wand of acid (8)
Scrolls
 h - 2 scrolls of summoning {unknown}
 i - 4 scrolls of enchant weapon {unknown}
 j - 2 scrolls of revelation {unknown}
 k - a scroll of fear {unknown}
 m - 3 scrolls of noise {unknown}
 s - a scroll of torment {unknown}
 v - a scroll of vulnerability
 x - a scroll of teleportation {unknown}
 A - a scroll of enchant armour
 C - a scroll of acquirement {unknown}
 E - 2 scrolls of poison {unknown}
 F - a scroll of amnesia {unknown}
Potions
 o - a potion of enlightenment
 p - a potion of lignification
 q - a potion of ambrosia
 r - a potion of haste
 B - 4 potions of curing
 D - a potion of mutation
 G - a potion of cancellation {unknown}
 H - a potion of magic {unknown}


   Skills:
 + Level 9.5 Fighting
 + Level 7.6 Maces & Flails
 + Level 7.1 Throwing
 - Level 3.0 Dodging
 + Level 2.8 Invocations


You had 8 spell levels left.
You didn't know any spells.
Your spell library contained the following spells:

 Spells                   Type           Power      Damage    Failure   Level
 Necrotise                Necr           0%         1d4       43%         1
 Gell's Gravitas          Tloc           0%         N/A       80%         3
 Teleport Other           Tloc           0%         N/A       80%         3
 Vampiric Draining        Necr           0%         2d6       80%         3
 Agony                    Necr           0%         N/A       100%        5
 Dispersal                Tloc           0%         N/A       100%        6


Dungeon Overview and Level Annotations

Branches:
Dungeon (7/15)             Temple (1/1) D:4         Ossuary (visited)

Altars:
Ashenzari
Cheibriados
Dithmenos
Elyvilon
Gozag
Kikubaaqudgha
Makhleb
Nemelex Xobeh
Okawaru
Ru
Sif Muna
Trog
Uskayaw
Vehumet
Wu Jian
Xom
Yredelemnul
Zin
The Shining One

Shops:
D:5 =

Annotations:
D:1 1 transporter


Innate Abilities, Weirdness & Mutations

Whenever you drink a potion that restores your health or magic, you attack all enemies around you.
You are too large for most types of armour.
You have a pair of small horns on your head.
You have tough skin. (AC +1)
Whenever you drink a potion that restores your health or magic, it restores twice as much.


Message History

The wight attacks as it pursues you! The wight closely misses you.
The wight attacks as it pursues you! The wight misses you.
There is a stone staircase leading up, spattered with blood here.
The wight barely misses you. The wight hits you with a +4 battleaxe.
You feel drained.
You climb upwards.
There is a stone staircase leading down here.
The wight attacks as it pursues you!
The wight hits you with a +4 battleaxe!!
* * * LOW HITPOINT WARNING * * *
You feel drained.
* * * LOW HITPOINT WARNING * * *
You take a swig of the potion and twirl your +0 flail.
You barely miss the wight. Your headbutt misses the wight.
The wight is lightly damaged.
You savour every drop.
You feel much better. The wight hits you with a +4 battleaxe.
You barely miss the wight. You headbutt the wight.
The wight is moderately damaged.
The wight barely misses you.
You sock the wight!
The wight is almost destroyed.
The wight hits you with a +4 battleaxe!
You feel drained.
You sock the wight!
You destroy the wight!
Okawaru accepts your kill.
You hit the wight. You headbutt the wight.
The wight is severely damaged.
The wight hits you with a +3 battleaxe!
You feel drained.
You closely miss the wight.
The wight is severely damaged.
The wight hits you with a +3 battleaxe!!
* * * LOW HITPOINT WARNING * * *
You closely miss the wight.
You headbutt the wight, but do no damage.
The wight is severely damaged.
The wight hits you with a +3 battleaxe!
* * * LOW HITPOINT WARNING * * *
You feel drained.
You die...

..#### #.# ##.#.#.#
..##.#####.# #.#.#.#
#.##.......# #.#.#.#
#.#######..#####.#.#.#
#.#######........#.#.#
#............).......#
#.###.......####>#####
#.###..#.#.....#z#
...#........##.#@#
............##.#.#
..<#......#.#..#.#
...##..#.#.....#.#
#..##............#
#..###...........#
...# #.###......##
##.# #.# #.#...##
##.###.###.##.##


You could see a wight.

Vanquished Creatures
  A troll (D:6)
  Sigmund (D:3)
  Eustachio (D:5)
  A black bear (D:7)
  2 ogres
  A centaur (D:6)
  A phantom (D:5)
  A kobold brigand (D:7)
  2 scorpions
  3 wights
  2 hounds (D:6)
  Crazy Yiuf (D:3)
  A jelly (D:6)
  An orc priest (D:6)
  A gnoll bouda (D:5)
  An iron imp (D:6)
  2 sleepcaps
  Ijyb (D:5)
  2 orc wizards
  Natasha (thrice) (D:4)
  2 scorpion zombies (D:3)
  A crocodile zombie (Ossuary)
  A hound zombie (D:3)
  2 hound skeletons (D:3)
  12 mummies (Ossuary)
  7 adders
  23 gnolls
  A shadow imp (D:5)
  2 bombardier beetles
  2 ufetubi (D:5)
  An adder skeleton (D:3)
  An adder zombie (D:3)
  3 dart slugs
  14 orcs
  7 endoplasms
  2 giant cockroaches (D:1)
  6 goblins
  6 hobgoblins
  4 jackals
  5 quokkas
  3 ball pythons (D:1)
  10 bats
  4 frilled lizards
  A gnoll skeleton (Ossuary)
  6 kobolds
  4 kobold skeletons (Ossuary)
  3 orc skeletons (Ossuary)
  4 rats
  10 spectral rats (Ossuary)
176 creatures vanquished.

Notes
Turn   | Place    | Note
-------+----------+-------------------------------------------
     0 | D:1      | grandjackal the Oni Gladiator began the quest for the Orb.
     0 | D:1      | Reached XP level 1. HP: 22/22 MP: 1/1
   209 | D:1      | Reached XP level 2. HP: 28/29 MP: 2/2
   210 | D:1      | Reached skill level 3 in Fighting
   522 | D:1      | Reached XP level 3. HP: 37/37 MP: 3/3
  1307 | D:2      | Reached XP level 4. HP: 48/48 MP: 4/4
  1562 | D:2      | Reached skill level 4 in Fighting
  1795 | D:2      | Found a faded altar of an unknown god.
  1876 | D:3      | Reached XP level 5. HP: 48/55 MP: 5/5
  2016 | D:3      | Noticed Sigmund
  2029 | D:3      | Killed Sigmund
  2030 | D:3      | Reached skill level 5 in Fighting
  2030 | D:3      | Reached XP level 6. HP: 24/66 MP: 6/6
  2442 | D:3      | Found an ornate altar of the Wu Jian Council.
  2514 | D:3      | Found a runed translucent door.
  2515 | D:3      | Noticed Crazy Yiuf
  2831 | D:3      | Killed Crazy Yiuf
  2955 | D:4      | Found a staircase to the Ecumenical Temple.
  2991 | Temple   | Entered the Ecumenical Temple
  3087 | D:4      | Found a basalt altar of Yredelemnul.
  3096 | D:4      | Reached XP level 7. HP: 72/74 MP: 7/7
  3250 | D:4      | Reached skill level 5 in Maces & Flails
  3255 | D:4      | Reached skill level 6 in Fighting
  3745 | D:4      | Noticed Natasha
  3748 | D:4      | Killed Natasha
  3774 | D:4      | Noticed Natasha
  3787 | D:4      | Killed Natasha
  3885 | D:4      | Noticed Natasha
  3896 | D:4      | Killed Natasha
  4085 | D:5      | Entered Level 5 of the Dungeon
  4085 | D:5      | Found Lucimer's One-of-a-Kind Rings.
  4216 | D:5      | Noticed Ijyb
  4220 | D:5      | Killed Ijyb
  4582 | D:5      | Reached skill level 5 in Throwing
  4799 | D:5      | Reached skill level 7 in Fighting
  4799 | D:5      | Reached XP level 8. HP: 77/87 MP: 8/8
  5492 | D:5      | Noticed Eustachio
  5541 | D:5      | Killed Eustachio
  5767 | D:5      | Found a shadowy altar of Dithmenos.
  6015 | D:5      | Found a hide-covered altar of Uskayaw.
  6076 | D:6      | Reached skill level 8 in Fighting
  6199 | D:6      | Found a sand-covered staircase.
  6217 | Ossuary  | Entered an ossuary
  7018 | D:6      | Reached XP level 9. HP: 36/97 MP: 9/9
  7221 | D:6      | Found an iron altar of Okawaru.
  7231 | D:6      | Became a worshipper of Warmaster Okawaru
  7304 | D:6      | Noticed a troll
  7316 | D:6      | Killed a troll
  7317 | D:6      | Reached skill level 9 in Fighting
  7317 | D:6      | Reached skill level 1 in Invocations
  7493 | D:6      | Found a snail-covered altar of Cheibriados.
  7779 | D:7      | Reached * piety under Okawaru
  7839 | D:7      | Identified the flux talisman of Gackomer {Str+4 Int+2
                  | Stlth+}
  7878 | D:6      | HP: 1/83 [wight/+3 battleaxe (12)]
  7878 | D:6      | Slain by a wight

Illustrated notes

Levels and vault maps discovered:
D:1:      spicycebolla_arrival_risky_transporter, layout_basic,
          hangedman_decor_push, moated_statue
D:2:      layout_rooms, shapermc_ecumenical_altar_hornbeckon, dk_vineyard_1,
          nicolae_grassy_gnolls
D:3:      layout_loops_cross, nicolae_wu_jian_immortal_techniques,
          serial_undead, serial_undead_d, serial_undead_c, serial_undead_b,
          serial_undead_e, uniq_crazy_yiuf_cottage, uniq_sigmund
D:4:      layout_loops_ring, mainiacjoe_overflow_surrounded_room,
          minmay_temple_entry_sparse_star, minmay_misc_feat_roman,
          hangedman_decor_growths, uniq_natasha
D:5:      layout_loops_ring, nicolae_dithmenos_through_a_glass_darkly,
          mainiacjoe_overflow_alcove_4, nicolae_shop_unique_rings, uniq_ijyb,
          uniq_eustachio
D:6:      layout_loops_ring, lemuel_round_altar, slow_altar_1,
          nicolae_ossuary_entry_ruins
D:7:      layout_rooms, grunt_qazlal_sundering, serial_shops, shop
Temple:   nicolae_temple_bog_church

Skill      XL: |  1  2  3  4  5  6  7  8  9 |
---------------+----------------------------+-----
Fighting       | 3 4 5 7 8 9 |  9.5
Dodging        | 3 |  3.0
Throwing       | 3 4 5 6 7 |  7.1
Maces & Flails | 4 5 7 |  7.6
Invocations    | 2 |  2.8

Action                     |  1- 3 |  4- 6 |  7- 9 || total
---------------------------+-------+-------+-------++-------
  Melee: Flail             |    92 |   110 |   408 ||   610
         Headbutt          |    15 |    16 |    65 ||    96
         Punch             |     1 |     1 |     7 ||     9
  Throw: Throwing net      |       |     2 |     1 ||     3
         Large rock        |       |       |     6 ||     6
         Boomerang         |       |       |    12 ||    12
    Use: Scroll            |       |       |    10 ||    10
         Potion            |       |       |     1 ||     1
   Stab: Sleeping          |     1 |       |       ||     1
         Held in net/web   |       |     2 |     1 ||     3
 Armour: Robe              |    65 |    66 |   258 ||   389
         Troll leather arm |       |       |    45 ||    45
  Dodge: Dodged            |    68 |    75 |   298 ||   441

Table legend: (Time is in decaauts)
 A = Elapsed time spent in this place.
 B = Non-inter-level travel time spent in this place.
 C = Inter-level travel time spent in this place.
 D = Time resting spent in this place.
 E = Time spent auto-exploring this place.
 F = Levels seen in this place.
 G = Mean time per level.
                   A        B        C        D        E       F      G
               +--------+--------+--------+--------+--------+-----+--------+
         Total |   7982 |   7757 |    225 |   2433 |   3773 |   9 |  886.9 |
       Dungeon |   7185 |   6960 |    225 |   2165 |   3446 |   7 | 1026.4 |
        Temple |      1 |      1 |      0 |      0 |      0 |   1 |    1.0 |
       Ossuary |    795 |    795 |      0 |    268 |    327 |   1 |  795.0 |
               +--------+--------+--------+--------+--------+-----+--------+

Top non-repeatable levels by time:
     D:4: 1646 daAuts
     D:5: 1559 daAuts
     D:1: 1186 daAuts
     D:3: 1073 daAuts
     D:6: 924 daAuts
 Ossuary: 795 daAuts
     D:2: 689 daAuts
     D:7: 104 daAuts
  Temple: 1 daAuts
